 Dungeon Crawl Stone Soup version 0.20-a0-751-g905781e (webtiles) character file.

21 M4edhros the Grave Robber (level 2, -2/17 HPs)
             Began as an Octopode Necromancer on Feb 25, 2017.
             Slain by a goblin (5 damage)
             ... led by Robin
             ... on level 2 of the Dungeon.
             The game lasted 00:00:49 (109 turns).

M4edhros the Grave Robber (Octopode Necromancer)     Turns: 109, Time: 00:00:50

Health: -2/17      AC:  1    Str:  7    XL:     2   Next: 87%
Magic:  5/5        EV: 14    Int: 17    God:
Gold:   0          SH:  0    Dex: 12    Spells: 3/5 levels left

rFire    . . .     SeeInvis .     - Unarmed
rCold    . . .     Gourm    .   (no shield)
rNeg     . . .     Faith    .   (helmet restricted)
rPois    .         Spirit   .   (no amulet)
rElec    .         Reflect  .   (no ring)
rCorr    .         Harm     .   (no ring)
MR       .....                  (no ring)
Stlth    +++.......             (no ring)
Regen    0.1/turn               (no ring)
MPRegen  0.1/turn               (no ring)
                                (no ring)
                                (no ring)

@: no status effects
A: almost no armour, stealthy swim, amphibious, 8 rings, constrict 8, camouflage
1, gelatinous body 1
a: no special abilities


You were on level 2 of the Dungeon.
You were not hungry.

You visited 1 branch of the dungeon, and saw 2 of its levels.

Inventory:

Books
 a - a book of Necromancy

   Spells                             Type                      Level
   a - Pain                           Necromancy                   1
   b - Animate Skeleton               Necromancy                   1
   c - Vampiric Draining              Necromancy                   3
   d - Regeneration                   Charms/Necromancy            3
   e - Animate Dead                   Necromancy                   4
   f - Control Undead                 Necromancy                   4
Comestibles
 b - 2 bread rations
 c - a meat ration
 d - 3 chunks of flesh


   Skills:
 + Level 2.6 Dodging
 - Level 2.6 Stealth
 * Level 1.7 Unarmed Combat
 - Level 2.0 Spellcasting
 - Level 4.0 Necromancy


You had 3 spell levels left.
You knew the following spells:

 Your Spells              Type           Power        Failure   Level  Hunger
a - Pain                  Necr           ###.         3%          1    #......
b - Animate Skeleton      Necr           N/A          3%          1    #......


Dungeon Overview and Level Annotations

Branches:
Dungeon (2/15)

Altars:

Annotations:
D:2 Robin


Innate Abilities, Weirdness & Mutations

You cannot wear most types of armour.
You are very stealthy in the water. (Stealth+)
You are amphibious.
You can wear up to eight rings at the same time.
You can use your tentacles to constrict eight enemies at once.
Your skin changes colour to match your surroundings (Stealth+).
Your rubbery body absorbs attacks. (AC +1, EV +1)


Message History

The hobgoblin hits your adder skeleton.
Your adder skeleton is destroyed!
You tentacle-slap the hobgoblin.
You kill the hobgoblin!
The goblin barely misses you.
You tentacle-slap the goblin. Your grab misses the goblin.
Your squeeze misses the goblin.
The goblin is severely wounded.
Robin roars a battlecry!
The goblins go into a battle-frenzy!
The goblin hits you with a dagger.
* * * LOW HITPOINT WARNING * * *
The goblin shouts!
You hear a shout!
Robin throws the goblin at you! The goblin completely misses you.
You tentacle-slap the goblin. You grab the goblin.
The goblin is heavily wounded.
You constrict the goblin. The goblin hits you with a dagger.
* * * LOW HITPOINT WARNING * * *
The goblin hits you.
You die...

### #.# #.#
##.#
#######..#
.
##)g.g@g.##
.
#.)#######
.. #.## ..
###.###


gg. ##.g...# ...# #..g...# ..g.####......# ..g...........# .....g.##.....# You
could see Robin and 2 goblins.

Vanquished Creatures
  2 adders (D:2)
  2 goblins (D:2)
  A hobgoblin (D:2)
5 creatures vanquished.

Vanquished Creatures (collateral kills)
  A goblin (D:2)
1 creature vanquished.

Grand Total: 6 creatures vanquished

Notes
Turn   | Place    | Note
-------+----------+-------------------------------------------
     0 | D:1      | M4edhros the Octopode Necromancer began the quest for the Orb.
     0 | D:1      | Reached XP level 1. HP: 11/11 MP: 3/3
    22 | D:2      | Reached skill level 1 in Unarmed Combat
    22 | D:2      | Reached XP level 2. HP: 13/17 MP: 0/5
    26 | D:2      | Learned a level 1 spell: Animate Skeleton
    58 | D:2      | Noticed Robin
   109 | D:2      | Slain by a goblin

Vault maps used:
D:1:      lemuel_arrival_hallway, minmay_misc_feat_square,
          kennysheep_flooded_box, wad_floor_pattern_untrapped
D:2:      uniq_jessica, uniq_robin, uniq_natasha

Skill      XL: |  1 |
---------------+----+-----
Unarmed Combat | 1 |  1.7
Dodging        | |  2.6
Stealth        | |  2.6
Spellcasting   | |  2.0
Necromancy     | |  4.0

Action                   || total
-------------------------++-------
Melee: Unarmed           ||    11
       Constrict         ||     4
       Tentacles         ||     1
 Cast: Pain              ||     3
       Animate Skeleton  ||     2
  Use: Scroll            ||     1
Dodge: Dodged            ||     7
